 Dungeon Crawl Stone Soup version 0.28.0-62-gf88900778d (webtiles) character file.

Game seed: 2316839703845026735

31 cbfl8 the Skirmisher (level 3, 0/43 HPs)
             Began as a Demonspawn Fighter on July 5, 2023.
             Succumbed to a kobold's poison
             ... on level 2 of the Dungeon.
             The game lasted 00:01:07 (1776 turns).

cbfl8 the Skirmisher (Demonspawn Fighter)           Turns: 1776, Time: 00:01:07

Health: 0/43       AC:  6    Str: 16    XL:     3   Next: 7%
Magic:  3/3        EV:  8    Int:  9    God:
Gold:   41         SH:  8    Dex: 14    Spells: 2/2 levels left

rFire   + . .      SeeInvis .   a - +0 war axe
rCold   . . .      Faith    .   c - +0 buckler
rNeg    . . .      Spirit   .   b - +0 scale mail
rPois   .          Reflect  .   (no helmet)
rElec   .          Harm     .   (no cloak)
rCorr   .          Rampage  .   (no gloves)
Will    .....                   (no boots)
Stlth   ..........              (no amulet)
HPRegen 0.14/turn               f - ring of protection from fire
MPRegen 0.08/turn               (no ring)

@: berserking, lethally poisoned (0 -> -31), very quick
A: condensation shield
a: no special abilities


You were on level 2 of the Dungeon.
You visited 1 branch of the dungeon, and saw 2 of its levels.

You collected 41 gold pieces.

Inventory:

Hand Weapons
 a - a +0 war axe (weapon)
Armour
 b - a +0 scale mail (worn)
 c - a +0 buckler (worn)
Jewellery
 f - a ring of protection from fire (left hand)
Scrolls
 e - a scroll of summoning {unknown}
Potions
 d - a potion of might


   Skills:
 + Level 3.3 Fighting
 + Level 2.1 Axes
 * Level 0.7 Throwing
 + Level 3.0 Armour
 + Level 2.8 Shields
 * Level 0.4 Evocations


You had 2 spell levels left.
You didn't know any spells.
Your spell library was empty.

Dungeon Overview and Level Annotations

Branches:
Dungeon (2/15)

Altars:


Innate Abilities, Weirdness & Mutations

A meltable shield of frost defends you. (SH +4)


Message History

You kill the rat!
There are monsters nearby!
There are monsters nearby!
The kobold hits you with a +0 dagger of venom.
You are poisoned.
You barely miss the adder. You barely miss the kobold.
You feel very sick. The adder bites you.
The kobold hits you but does no damage.
You are more poisoned.
You block the adder's attack.
Unknown command.
You hit the adder.
The adder is moderately wounded.
You barely miss the kobold.
You feel very sick. The adder bites you but does no damage.
You block the kobold's attack. The adder barely misses you.
The kobold hits you but does no damage.
You are lethally poisoned!
You hit the adder.
The adder is heavily wounded.
You closely miss the kobold.
You feel very sick. You block the adder's attack.
The kobold hits you with a +0 dagger of venom.
* * * LOW HITPOINT WARNING * * *
You are more poisoned.
The adder bites you but does no damage.
You are too injured to fight recklessly!
It was a potion of berserk rage.
A red film seems to cover your vision as you go berserk!
You feel yourself moving faster!
You feel mighty!
* * * LOW HITPOINT WARNING * * *
You feel very sick. You block the adder's attack.
The kobold hits you but does no damage.
You are more poisoned.
You slash the adder!
You kill the adder!
You slash the kobold!
You kill the kobold!
You die...

# #.# #.#
##########.########
..................#
.......#.########.#
.####.>#.#
#.####..#.##
...........#
#...)@...#
........#..#
..#...###..# ......
..... ..... ...##.
#.#.. ...## # # ##
.#.# #...#


There were no monsters in sight!

Vanquished Creatures
  An adder (D:2)
  3 worms (D:2)
  5 endoplasms
  2 hobgoblins
  4 kobolds
  2 quokkas (D:1)
  3 ball pythons
  A bat (D:1)
  2 rats
  A spectral kobold (D:1)
24 creatures vanquished.

Notes
Turn   | Place    | Note
-------+----------+-------------------------------------------
     0 | D:1      | cbfl8 the Demonspawn Fighter began the quest for the Orb.
     0 | D:1      | Reached XP level 1. HP: 18/18 MP: 1/1
   607 | D:1      | Gained mutation: A meltable shield of frost defends you.
                  | (SH +4) [demonic ancestry]
   607 | D:1      | Reached XP level 2. HP: 24/24 MP: 2/2
   671 | D:1      | Found a faded altar of an unknown god.
  1468 | D:2      | Reached XP level 3. HP: 6/29 MP: 3/3
  1776 | D:2      | Succumbed to a kobold's poison

Illustrated notes

Levels and vault maps discovered:
D:1:      erik_arrival_cave_to_civilisation [erik_arrival_cave_to_temple],
          layout_basic, dreamdust_ecumenical_altar_drowned_temple, minivault_4
D:2:      layout_basic

Skill      XL: |  1  2 |
---------------+-------+-----
Axes           | 2 |  2.1
Armour         | 3 |  3.0
Fighting       | |  3.3
Throwing       | |  0.7
Shields        | |  2.8
Evocations     | |  0.4

Action                   || total
-------------------------++-------
Melee: War axe           ||    63
  Use: Potion            ||     1
Armor: Scale mail        ||    22
Dodge: Dodged            ||    18
Block: Buckler           ||    18
